 Dungeon Crawl Stone Soup version 0.31.0-32-g396128a36d (webtiles) character file.

Game seed: 6911682714721213570

2558 ChrisAssaf the Charlatan (level 9, 0/65 HPs)
             Began as a Human Artificer on Apr 17, 2024.
             Was a Follower of Ru.
             Slain by a yak (12 damage)
             ... on level 8 of the Dungeon.
             The game lasted 00:26:25 (6425 turns).

ChrisAssaf the Charlatan (Human Artificer)          Turns: 6425, Time: 00:26:25

Health: 0/65       AC:  6    Str: 16    XL:     9   Next: 56%
Magic:  9/9        EV: 11    Int: 16    God:    Ru [*.....]
Gold:   399        SH:  9    Dex: 13    Spells: 8/8 levels left

rFire   . . .        a - +0 trident (venom)
rCold   . . .        s - +1 kite shield
rNeg    + . .        o - +1 robe {rN+}
rPois   .            g - +2 helmet of Fortitude {rElec Int+3}
rElec   +            (no cloak)
rCorr   .            (no gloves)
SInv    .            (no boots)
Will    .....        y - amulet of regeneration
Stlth   ++           (no ring)
HPRegen 1.10/turn    (no ring)
MPRegen 0.11/turn

%: no passive effects
@: no status effects
A: no conjurations magic, no ice magic, no alchemy magic, explore regen
a: Renounce Religion


You were on level 8 of the Dungeon.
You worshipped Ru.
Ru was aware of your devotion.
You visited 1 branch of the dungeon, and saw 8 of its levels.

You collected 399 gold pieces.

Inventory:

Hand Weapons
 a - a +0 trident of venom (weapon)
 B - a +0 sling of flaming
Missiles
 f - 3 boomerangs (quivered)
 k - 4 atropa-tipped darts
 t - a throwing net
 u - 2 darts of dispersal
Armour
 b - a +0 leather armour
 g - the +2 helmet of Fortitude (worn) {rElec Int+3}
   (You found it on level 2 of the Dungeon)

   Int+3:     It affects your intelligence (+3).
   rElec:     It insulates you from electricity.
 o - a +1 robe of positive energy (worn)
 s - a +1 kite shield (worn)
Jewellery
 h - an amulet of faith
 y - an amulet of regeneration (around neck)
Talismans
 w - a flux talisman
Wands
 c - a wand of flame (25)
 d - a wand of charming (2)
 e - a wand of iceblast (19)
 D - a wand of paralysis (15)
Scrolls
 i - 2 scrolls of teleportation
 q - a scroll of amnesia
Potions
 l - 3 potions of cancellation
 m - a potion of heal wounds {unknown}
 n - 2 potions of mutation {unknown}
 p - a potion of curing
 v - 3 potions of enlightenment
 x - 3 potions of haste
 z - a potion of attraction {unknown}
 A - a potion of lignification
 C - a potion of ambrosia {unknown}


   Skills:
 * Level 3.9 Fighting
 * Level 4.5(5.2) Short Blades
 * Level 3.6(4.7) Long Blades
 * Level 1.5 Polearms
 * Level 2.5 Ranged Weapons
 * Level 3.2 Throwing
 * Level 4.2 Armour
 * Level 4.4 Dodging
 * Level 3.9 Stealth
 * Level 3.1 Shields
 * Level 4.8 Evocations
 * Level 2.0 Shapeshifting


You had 8 spell levels left.
You didn't know any spells.
Your spell library contained the following spells:

 Spells                   Type           Power      Damage    Failure   Level
 Sublimation of Blood     Necr           0%         N/A       73%         2
 Inner Flame              Hex/Fire       0%         N/A       91%         3
 Ignition                 Fire           0%         3d3       100%        8
 Petrify                  Alch/Erth      Unusable   N/A       N/A         4
 Irradiate                Conj/Alch      Unusable   3d11      N/A         5

Dungeon Overview and Level Annotations

Branches:
Dungeon (8/15)             Temple (0/1) D:7
   Lair: D:8-11

Altars:
Ashenzari
Elyvilon
Kikubaaqudgha
Makhleb
Ru
Vehumet
Xom
The Shining One

Shops:
D:4 [


Innate Abilities, Weirdness & Mutations

You cannot study or cast Conjurations magic.
You cannot study or cast Ice magic.
You cannot study or cast Alchemy magic.
You regain HP and MP as you explore.


Message History

The yak is lightly wounded.
The yak gores you.
You redirect the yak's attack!
The yak gores itself!
The yak closely misses you.
Unknown command.
You closely miss the yak.
The yak is almost dead.
The yak gores you! The yak barely misses you. The yak gores you.
Unknown command.
Aiming: Iceblast
Press: ? - help, Shift-Dir - straight line, f - yak, p - yak
Aim: a yak The mass of ice explodes!
The iceblast engulfs the yak!
The yak is heavily wounded.
The iceblast engulfs you!!
* * * LOW HITPOINT WARNING * * *
The iceblast engulfs the yak!!
The yak is heavily wounded.
The iceblast engulfs the yak!
You kill the yak!
The iceblast engulfs the yak!
The yak is moderately wounded.
The yak looks more healthy.
The yak gores you!
* * * LOW HITPOINT WARNING * * *
Unknown command.
Unknown command.
Aiming: Charm
Press: ? - help, Shift-Dir - straight line, f/p - yak
Aim: a yak (heavily wounded, chance to affect: 62%)
The yak resists with significant effort.
The yak gores you!
* * * LOW HITPOINT WARNING * * *
The yak closely misses you.
You feel better. The yak gores you!
* * * LOW HITPOINT WARNING * * *
The yak gores you but does no damage.
You feel better.
The yak is stunned by your conviction and fails to attack.
The yak gores you!
You die...

#(###.........#.#... #.#
#...........#.## ###.#
#......)<......# ####...#
#............... ###....###
#..............# ##...####
#............... #..###
####.#.#........ ##.##
######.#..........
#..#########@YY..............
#.##...#...##Y...............
#.#..#..#..###.....##..<.....
#...#..#..#._#...........
####..#..#..##.....##....
#...#...##......# ...
################# .


You could see 3 yaks.

Vanquished Creatures
  A komodo dragon (D:8)
  Sigmund (D:4)
  2 yaks (D:8)
  A water moccasin (D:7)
  A sky beast (D:7)
  A black bear (D:5)
  An ogre (D:6)
  A kobold brigand (D:8)
  A bullfrog (D:6)
  A gnoll sergeant (D:5)
  A scorpion (D:5)
  4 wights (D:7)
  A howler monkey (D:5)
  A crimson imp (D:5)
  2 hounds
  3 orc priests
  2 gnoll boudas
  A jelly (D:6)
  Natasha (thrice) (D:4)
  A sleepcap (D:6)
  Ijyb (D:3)
  An iguana (D:3)
  4 orc wizards
  A hound zombie (D:2)
  14 gnolls
  8 adders
  2 white imps
  An ufetubus (D:6)
  2 adder zombies (D:2)
  3 dart slugs
  19 orcs
  3 bats
  A bat skeleton (D:2)
  5 endoplasms
  7 goblins
  6 hobgoblins
  7 jackals
  4 quokkas
  9 ball pythons
  A ball python skeleton (D:2)
  3 frilled lizards
  10 kobolds
  5 rats
147 creatures vanquished.

Vanquished Creatures (collateral kills)
  4 howler monkeys (D:8)
  An adder (D:6)
  An ufetubus (D:6)
  An orc (D:8)
  An endoplasm (D:2)
  A hobgoblin (D:2)
  A kobold (D:8)
  A quokka zombie (D:2)
  A rat (D:2)
12 creatures vanquished.

Vanquished Creatures (others)
  A wyvern (D:8)
  An orc (D:4)
2 creatures vanquished.

Grand Total: 161 creatures vanquished

Notes
Turn   | Place    | Note
-------+----------+-------------------------------------------
     0 | D:1      | ChrisAssaf the Human Artificer began the quest for the Orb.
     0 | D:1      | Reached XP level 1. HP: 15/15 MP: 1/1
   142 | D:1      | Reached XP level 2. HP: 18/21 MP: 2/2
   551 | D:1      | Reached XP level 3. HP: 19/26 MP: 3/3
   904 | D:2      | Reached skill level 1 in Short Blades
   945 | D:2      | Identified the +2 helmet of Fortitude {rElec Int+3}
  1163 | D:2      | Reached XP level 4. HP: 30/32 MP: 4/4
  1689 | D:2      | Reached XP level 5. HP: 38/38 MP: 5/5
  1782 | D:3      | Found a radiant altar of Vehumet.
  1914 | D:3      | Found a faded altar of an unknown god.
  1916 | D:3      | Noticed an eye of devastation
  1916 | D:3      | Noticed a great orb of eyes
  1917 | D:3      | Noticed a glass eye
  1917 | D:3      | Noticed a golden eye
  2093 | D:3      | Reached skill level 1 in Long Blades
  2288 | D:3      | Noticed Ijyb
  2289 | D:3      | Paralysed by Ijyb for 5 turns
  2295 | D:3      | Killed Ijyb
  2678 | D:4      | Reached XP level 6. HP: 44/44 MP: 6/6
  2728 | D:4      | Noticed Natasha
  2738 | D:4      | Killed Natasha
  2803 | D:4      | Noticed Natasha
  2807 | D:4      | Killed Natasha
  2841 | D:4      | Noticed Natasha
  2862 | D:4      | Killed Natasha
  2863 | D:4      | Reached skill level 1 in Throwing
  3104 | D:4      | Found Jeic's Armour Boutique.
  3185 | D:4      | Noticed Sigmund
  3189 | D:4      | Killed Sigmund
  3190 | D:4      | Reached XP level 7. HP: 51/51 MP: 7/7
  3540 | D:5      | Entered Level 5 of the Dungeon
  3545 | D:5      | Found a burning altar of Makhleb.
  3911 | D:5      | Found a sacrificial altar of Ru.
  3941 | D:5      | Became a worshipper of Ru the Awakened
  3960 | D:5      | Reached XP level 8. HP: 58/58 MP: 8/8
  4032 | D:5      | Found a broken altar of Ashenzari.
  4398 | D:6      | Found an ancient bone altar of Kikubaaqudgha.
  4490 | D:6      | Reached skill level 1 in Shields
  4688 | D:6      | Found a white marble altar of Elyvilon.
  4737 | D:6      | Reached skill level 1 in Shapeshifting
  5408 | D:7      | Found a glowing golden altar of the Shining One.
  5411 | D:7      | Gained mutation: You cannot study or cast Ice magic. [Ru
                  | sacrifice]
  5411 | D:7      | Gained mutation: You cannot study or cast Alchemy magic.
                  | [Ru sacrifice]
  5411 | D:7      | Gained mutation: You cannot study or cast Conjurations
                  | magic. [Ru sacrifice]
  5411 | D:7      | Reached * piety under Ru
  5572 | D:7      | Reached skill level 1 in Ranged Weapons
  5572 | D:7      | Reached XP level 9. HP: 60/64 MP: 9/9
  5840 | D:7      | Found a staircase to the Ecumenical Temple.
  6070 | D:8      | Noticed a boulder beetle
  6083 | D:8      | HP: 2/65 [wyvern (8)]
  6219 | D:8      | Found a shimmering altar of Xom.
  6253 | D:8      | Noticed a komodo dragon
  6311 | D:8      | Killed a komodo dragon
  6312 | D:8      | Reached skill level 1 in Polearms
  6424 | D:8      | HP: 3/65 [yak (10)]
  6425 | D:8      | Slain by a yak

Illustrated notes

Levels and vault maps discovered:
D:1:      minmay_arrival_glassed_features, layout_basic,
          minmay_tree_intersection, nicolae_the_louvre
D:2:      layout_rooms, serial_undead, serial_undead_a, serial_undead_f,
          serial_undead_d, serial_undead_b
D:3:      layout_basic, nicolae_vehumet_altar_sigil,
          hellmonk_ecumenical_altar_watching_god, uniq_ijyb
D:4:      layout_basic, serial_shops, nicolae_shop_tiny_glass, uniq_sigmund,
          uniq_natasha
D:5:      layout_loops_ring, cheibrodos_ashenzari_chains, makhleb_grotto_becter,
          hangedman_ru_absence
D:6:      layout_basic, kennysheep_mini,
          mainiacjoe_overflow_concentric_impassable
D:7:      layout_rooms, mainiacjoe_overflow_brackets,
          minmay_temple_entry_enclosed_plants
D:8:      layout_rooms, marbit_many_paths, serial_shops, nicolae_shop_trees

Skill      XL: |  1  2  3  4  5  6  7  8  9 |
---------------+----------------------------+-----
Short Blades   | 1 2 3 4 |  4.5
Fighting       | 2 3 |  3.9
Long Blades    | 1 2 3 |  3.6
Dodging        | 2 3 4 |  4.4
Stealth        | 2 3 |  3.9
Throwing       | 1 2 3 |  3.2
Armour         | 3 4 |  4.2
Evocations     | 4 |  4.8
Shields        | 2 3 |  3.1
Shapeshifting  | 1 2 |  2.0
Ranged Weapons | 1 2 |  2.5
Polearms       | 1 |  1.5

Action                     |  1- 3 |  4- 6 |  7- 9 || total
---------------------------+-------+-------+-------++-------
  Melee: Short sword       |   144 |    42 |       ||   186
         Punch             |     2 |       |       ||     2
         Falchion          |       |    92 |       ||    92
         Dagger            |       |    67 |   199 ||   266
         Trident           |       |       |    92 ||    92
   Fire: Sling             |       |       |    44 ||    44
  Throw: Dart              |       |     2 |       ||     2
         Boomerang         |       |       |    16 ||    16
 Invoke: Sacrifice Arcana  |       |       |     1 ||     1
  Evoke: Wand              |     7 |    18 |    34 ||    59
    Use: Scroll            |     4 |     4 |    13 ||    21
         Potion            |     1 |       |     4 ||     5
   Stab: Sleeping          |       |     3 |     1 ||     4
         Distracted        |       |     1 |       ||     1
         Paralysed         |       |       |     1 ||     1
 Armour: Leather armour    |    98 |   200 |   172 ||   470
         Skin              |     5 |       |       ||     5
         Robe              |       |       |    93 ||    93
  Dodge: Dodged            |   101 |   183 |   171 ||   455
  Block: Kite shield       |       |       |   152 ||   152
